 Dungeon Crawl Stone Soup version 0.21-a0-28-g9a7844a (webtiles) character file.

67657 TheGoonsmith the Severer (level 14, -1/113 HPs)
             Began as a Demonspawn Berserker on May 25, 2017.
             Was a High Priest of Trog.
             Killed by divine providence
             ... invoked by an orc priest
              (10 damage)
             ... on level 2 of the Orcish Mines.
             The game lasted 01:10:49 (21752 turns).

TheGoonsmith the Severer (Demonspawn Berserker)    Turns: 21752, Time: 01:10:49

Health: -1/113     AC: 24    Str: 20    XL:     14   Next: 83%
Magic:  21/21      EV: 16    Int: 10    God:    Trog [*****.]
Gold:   1256       SH:  0    Dex: 19    Spells: 13/13 levels left

rFire    + + .     SeeInvis .   p - +7 battleaxe (vamp)
rCold    + + .     Gourm    +   (shield currently unavailable)
rNeg     . . .     Faith    .   f - +4 chain mail {rF+}
rPois    +         Spirit   .   q - +2 helmet
rElec    .         Reflect  .   J - scarf {rC+ rF+}
rCorr    .         Harm     .   L - +2 pair of gloves {archery}
MR       +....                  (no boots)
Stlth    ..........             G - amulet of the gourmand
Regen    0.3/turn               m - ring of poison resistance
MPRegen  0.2/turn               E - ring of Lulum {rC+ AC+4}

@: agile, drained
A: talons 2, slimy green scales 2, deformed body, powered by pain 2, rot
immunity
a: Berserk, Trog's Hand, Brothers in Arms, Burn Spellbooks, Renounce Religion


You were on level 2 of the Orcish Mines.
You worshipped Trog.
Trog was extremely pleased with you.
You were very full.

You visited 3 branches of the dungeon, and saw 20 of its levels.
You also visited: Sewer and Ice Cave.

You collected 1647 gold pieces.
You spent 391 gold pieces at shops.

Inventory:

Hand Weapons
 a - a +4 executioner's axe of venom
 p - a +7 vampiric battleaxe (weapon)
 x - a +3 antimagic executioner's axe
Missiles
 n - 2 throwing nets (quivered)
Armour
 f - a +4 chain mail of fire resistance (worn)
 q - a +2 helmet (worn)
 J - a scarf of resistance (worn)
 L - a +2 pair of gloves of archery (worn)
Jewellery
 m - a ring of poison resistance (left hand)
 E - the ring of Lulum (right hand) {rC+ AC+4}
   (You found it on level 5 of the Dungeon)

   [ring of protection]

   It affects your AC (+4).
   It protects you from cold.
 G - an amulet of the gourmand (around neck)
 I - an uncursed ring of resist corrosion
 N - an uncursed ring of flight
Wands
 b - a wand of confusion (8/48)
 d - a wand of iceblast (3/15)
 v - a wand of acid (4/15)
 w - a wand of acid (10/15)
 H - a wand of polymorph (16/24)
 O - a wand of scattershot (0/9)
 P - a wand of polymorph (13/24)
 R - a wand of polymorph (16/24)
 T - a wand of digging (10/24)
 V - a wand of disintegration (7/24)
 Y - a wand of iceblast (7/15)
Scrolls
 i - a scroll of blinking
 r - 2 scrolls of identify
 t - 19 scrolls of teleportation
 y - a scroll of magic mapping
 A - 3 scrolls of recharging
 D - 4 scrolls of remove curse
 F - a scroll of fog
 K - 2 scrolls of fear
Potions
 e - 7 potions of heal wounds
 h - 15 potions of curing
 j - a potion of cancellation
 l - 2 potions of agility
 o - 2 potions of resistance
 s - a potion of ambrosia
 u - a potion of haste {unknown}
 z - 5 potions of might
 M - 3 potions of berserk rage
 S - a potion of invisibility
Miscellaneous
 B - a box of beasts
Comestibles
 c - 12 bread rations
 g - a royal jelly
 C - 22 fruits


   Skills:
 + Level 11.3(11.0) Fighting
 * Level 17.1(16.9) Axes
   Level 4.2(11.9) Maces & Flails
 - Level 7.3(7.0) Armour
 - Level 5.8(5.5) Dodging
 + Level 9.9(9.6) Evocations


You had 13 spell levels left.
You didn't know any spells.

Dungeon Overview and Level Annotations

Branches:
Dungeon (12/15)            Temple (0/1) D:7            Lair (6/6) D:9
  Swamp (0/4) Lair:3        Snake (0/4) Lair:4        Slime (0/5) Lair:6
    Orc (2/2) D:12
    Elf: Orc:2

Altars:
Cheibriados
Elyvilon
Hepliaklqana
Kikubaaqudgha
Makhleb
Okawaru
Trog
Uskayaw
Vehumet
Wu Jian
Xom
Beogh

Shops:
Orc:1 [?!}:

Portals:
Hell: Lair:6


Innate Abilities, Weirdness & Mutations

You have razor-sharp toenails.
You are mostly covered in slimy green scales. (AC +3)
You sometimes gain power by taking damage.
You are immune to rotting.
Armour fits poorly on your strangely shaped body.


Message History

The orc warrior closely misses you. x2
An orc priest comes into view. It is wielding a war axe.
Unknown command.
You slash the orc knight!
You claw the orc knight, but do no damage.
The orc knight is lightly wounded.
You completely miss the orc warrior. The orc knight barely misses you.
The orc priest mumbles some strange prayers to Beogh against you.
Beogh smites you!
* * * LOW HITPOINT WARNING * * *
You barely miss the orc knight.
You claw the orc knight, but do no damage.
The orc knight is lightly wounded.
You slash the orc warrior! You barely miss the orc knight.
The orc warrior misses you. The orc warrior closely misses you.
The orc knight hits you with an enchanted broad axe!!
* * * LOW HITPOINT WARNING * * *
The orc priest invokes the aid of Beogh against you.
Beogh smites you!
You die...

8..............
.......o........
........_..o....
....o..........
8..............
##.........##
#....o.oo...#
#)o@..# #.)...#
###8)).8#
##.#)))..# #
####..#).)..#..#
.......)).......
......))).......
......#<).......
..............#.


You could see 2 orc knights, 2 orc warriors, 2 orc priests and an orc wizard.

Vanquished Creatures
  An orc warlord (Orc:2)
  Erolcha (D:9)
  6 hydras
  A centaur warrior (D:10)
  Erica (D:9)
  4 two-headed ogres
  An orc high priest (Orc:2)
  A fire crab (Lair:6)
  A wizard (Lair:6)
  A necromancer (IceCv)
  A lindwurm (Lair:6)
  An ugly thing (D:9)
  2 orc sorcerers (Orc:2)
  2 orc knights
  A cyclops (D:11)
  The ghost of Spazmo the Thaumaturge, a novice DECj (D:6)
  5 black mambas
  A guardian serpent (Lair:4)
  10 elephants
  An orange demon (Lair:6)
  Psyche (D:10)
  A centaur zombie (D:11)
  A smoke demon (Lair:6)
  13 spiny frogs
  An ice statue (IceCv)
  5 rime drakes
  9 komodo dragons
  3 ice devils (Lair:6)
  11 freezing wraiths
  A red devil (Lair:6)
  6 trolls
  A hornet (D:8)
  7 polar bears (Lair:3)
  12 blink frogs (Lair:6)
  Prince Ribbit (D:7)
  10 hippogriffs
  3 slime creatures (D:10)
  7 dream sheep (Lair:6)
  Sigmund (D:6)
  A wraith (D:9)
  A vampire (D:10)
  45 yaks
  A spriggan (D:7)
  4 wyverns
  2 hungry ghosts
  3 wargs
  A soldier ant (D:11)
  Edmund (D:6)
  4 hell hounds (Lair:6)
  11 water moccasins
  10 porcupines
  14 ice beasts
  17 orc warriors
  5 sky beasts
  2 eyes of draining
  7 black bears (Lair:3)
  2 necrophages
  2 alligator simulacra (IceCv)
  7 centaurs
  2 phantoms
  11 ogres
  9 wolves
  17 crocodiles
  3 big kobolds
  10 bullfrogs
  2 wyvern skeletons
  A water moccasin skeleton (D:7)
  6 scorpions
  9 killer bees
  14 wights
  An electric eel (Lair:6)
  10 crimson imps
  3 draconian simulacra (IceCv)
  9 orc priests
  9 hounds
  12 jellies (Lair:6)
  7 bullfrog skeletons
  7 troll simulacra (IceCv)
  Ijyb (D:4)
  9 iguanas
  15 orc wizards
  4 spriggan simulacra (IceCv)
  11 worker ants
  2 polar bear simulacra (IceCv)
  2 hound zombies
  3 hound skeletons
  Robin (D:4)
  A worker ant zombie (D:5)
  11 gnolls
  A howler monkey skeleton (D:10)
  3 naga simulacra (IceCv)
  16 adders
  3 ogre simulacra (IceCv)
  A river rat (D:4)
  3 shadow imps
  12 white imps (IceCv)
  6 oozes
  2 adder skeletons
  4 worms
  2 dart slugs
  8 leopard geckos
  76 orcs
  A bat zombie (D:5)
  10 giant cockroaches
  14 goblins
  12 hobgoblins
  15 jackals
  3 quokkas
  4 ball pythons
  8 bats
  2 frilled lizards (D:5)
  22 kobolds
  A quokka skeleton (D:4)
  A quokka zombie (D:7)
  9 rats
  2 bushes
  5 fungi
  5 plants
730 creatures vanquished.

Vanquished Creatures (collateral kills)
  A sixfirhy (Lair:6)
  7 yaks
8 creatures vanquished.

Vanquished Creatures (others)
  A kobold (D:8)
  6 fungi
  5 plants
12 creatures vanquished.

Grand Total: 750 creatures vanquished

Notes
Turn   | Place    | Note
-------+----------+-------------------------------------------
     0 | D:1      | TheGoonsmith the Demonspawn Berserker began the quest for the Orb.
     0 | D:1      | Reached XP level 1. HP: 18/18 MP: 1/1
   160 | D:1      | Gained mutation: You have sharp toenails. [demonic ancestry]
   160 | D:1      | Reached XP level 2. HP: 24/24 MP: 2/2
   569 | D:2      | Found an iron altar of Okawaru.
   582 | D:2      | Reached XP level 3. HP: 21/29 MP: 3/3
   835 | D:2      | Gained mutation: You sometimes gain a little power by taking damage. [demonic ancestry]
   835 | D:2      | Reached XP level 4. HP: 35/36 MP: 4/4
  1013 | D:2      | Reached ** piety under Trog
  1513 | D:3      | Found a shimmering altar of Xom.
  1571 | D:3      | Reached skill level 1 in Axes
  1707 | D:3      | Gained mutation: You are immune to rotting. [demonic ancestry]
  1707 | D:3      | Reached XP level 5. HP: 30/42 MP: 5/5
  1879 | D:3      | Found a hazy altar of Hepliaklqana.
  1880 | D:3      | Found a snail-covered altar of Cheibriados.
  1946 | D:3      | Reached skill level 2 in Axes
  2595 | D:4      | Noticed an ogre
  2605 | D:4      | Killed an ogre
  2605 | D:4      | Reached skill level 3 in Axes
  2605 | D:4      | Reached XP level 6. HP: 19/49 MP: 6/6
  2770 | D:4      | Found a hide-covered altar of Uskayaw.
  2860 | D:4      | Reached skill level 4 in Axes
  2968 | D:4      | Noticed Ijyb
  2985 | D:4      | Killed Ijyb
  2985 | D:4      | Reached skill level 5 in Fighting
  2996 | D:4      | Gained mutation: You are partially covered in slimy green scales. (AC +2) [demonic ancestry]
  2996 | D:4      | Reached XP level 7. HP: 49/56 MP: 7/7
  3008 | D:4      | Noticed Robin
  3017 | D:4      | Reached *** piety under Trog
  3018 | D:4      | Killed Robin
  3115 | D:4      | Found a glowing drain.
  3122 | Sewer    | Entered a sewer
  3420 | Sewer    | Reached skill level 5 in Axes
  3747 | D:5      | Entered Level 5 of the Dungeon
  3926 | D:5      | Reached skill level 1 in Evocations
  4322 | D:5      | Reached **** piety under Trog
  4474 | D:5      | Found an ancient bone altar of Kikubaaqudgha.
  4586 | D:5      | Reached skill level 6 in Axes
  4586 | D:5      | Reached XP level 8. HP: 63/63 MP: 9/9
  4894 | D:5      | Got a warped golden ring
  4905 | D:5      | Identified the ring of Lulum {rC+ AC+4} (You found it on level 5 of the Dungeon)
  5053 | D:6      | Found a radiant altar of Vehumet.
  5117 | D:6      | Reached skill level 7 in Axes
  5267 | D:6      | Found a white marble altar of Elyvilon.
  5269 | D:6      | Found a burning altar of Makhleb.
  5379 | D:6      | Noticed Spazmo's ghost (novice DECj)
  5394 | D:6      | Killed Spazmo's ghost
  5394 | D:6      | Reached skill level 8 in Axes
  5394 | D:6      | Reached XP level 9. HP: 68/68 MP: 10/12
  5527 | D:6      | Noticed Sigmund
  5535 | D:6      | Killed Sigmund
  5582 | D:6      | Noticed Edmund
  5589 | D:6      | Killed Edmund
  5709 | D:7      | Reached skill level 5 in Evocations
  5729 | D:7      | Reached skill level 9 in Axes
  5777 | D:7      | Noticed Prince Ribbit
  5785 | D:7      | Killed Prince Ribbit
  5901 | D:7      | Found a staircase to the Ecumenical Temple.
  6021 | D:7      | Reached ***** piety under Trog
  6081 | D:7      | Reached skill level 10 in Axes
  6214 | D:7      | Reached XP level 10. HP: 47/74 MP: 14/14
  6794 | D:8      | Noticed a two-headed ogre
  6801 | D:8      | Killed a two-headed ogre
  6891 | D:8      | Noticed a two-headed ogre
  6899 | D:8      | Killed a two-headed ogre
  6899 | D:8      | Reached skill level 11 in Axes
  7000 | D:8      | Received a gift from Trog
  8201 | D:9      | Reached skill level 12 in Axes
  8260 | D:9      | Noticed Erolcha
  8266 | D:9      | Killed Erolcha
  8266 | D:9      | Gained mutation: You are mostly covered in slimy green scales. (AC +3) [demonic ancestry]
  8266 | D:9      | Reached XP level 11. HP: 65/80 MP: 10/15
  8289 | D:9      | Found a staircase to the Lair.
  8321 | D:9      | Noticed a brown ugly thing
  8333 | D:9      | Killed a brown ugly thing
  8638 | D:9      | Found an ornate altar of the Wu Jian Council.
  8671 | D:9      | Noticed Erica
  8676 | D:9      | Killed Erica
  8720 | D:10     | Entered Level 10 of the Dungeon
  8753 | D:10     | Found a roughly hewn altar of Beogh.
  9578 | D:10     | Received a gift from Trog
  9835 | D:10     | Noticed a centaur warrior
  9840 | D:10     | Noticed a two-headed ogre
  9845 | D:10     | Reached skill level 13 in Axes
  9847 | D:10     | Killed a centaur warrior
 10111 | Lair:1   | Entered Level 1 of the Lair of Beasts
 10303 | D:10     | Noticed Psyche
 10313 | D:10     | Killed Psyche
 10509 | D:10     | Killed a two-headed ogre
 11090 | Lair:1   | Reached XP level 12. HP: 79/91 MP: 16/16
 11153 | Lair:1   | Reached skill level 14 in Axes
 12287 | Lair:2   | Identified a scroll of acquirement
 12288 | Lair:2   | Got a brightly glowing chain mail
 12299 | Lair:2   | Identified the +1 chain mail of the Orb {rF+} (You acquired it on level 2 of the Lair of Beasts)
 12357 | Lair:2   | Noticed a five-headed hydra
 12361 | Lair:2   | Killed a six-headed hydra
 12592 | Lair:2   | Identified the Collected Works on Nocuous Conjuration
 12996 | Lair:3   | Found a staircase to the Swamp.
 13043 | Lair:3   | Reached skill level 5 in Armour
 13047 | Lair:3   | Received a gift from Trog
 13355 | Lair:3   | Reached skill level 15 in Axes
 14180 | Lair:4   | Gained mutation: You have razor-sharp toenails. [demonic ancestry]
 14180 | Lair:4   | Reached XP level 13. HP: 93/101 MP: 18/18
 14430 | Lair:4   | You fall through a shaft for 2 floors!
 14430 | Lair:6   | Entered Level 6 of the Lair of Beasts
 14430 | Lair:6   | Found a staircase to the Slime Pits.
 15345 | Lair:5   | Reached skill level 5 in Dodging
 15347 | Lair:5   | Reached skill level 10 in Fighting
 15633 | Lair:5   | Found a snail-covered altar of Cheibriados.
 15800 | Lair:5   | Found a frozen archway.
 15810 | Lair:5   | Received a gift from Trog
 15837 | IceCv    | Entered an ice cave
 16524 | IceCv    | Found an ancient bone altar of Kikubaaqudgha.
 16909 | IceCv    | Reached skill level 16 in Axes
 17054 | IceCv    | Received a gift from Trog
 17257 | Lair:4   | Found a staircase to the Snake Pit.
 18437 | Lair:5   | Gained mutation: You sometimes gain power by taking damage. [demonic ancestry]
 18437 | Lair:5   | Reached XP level 14. HP: 111/111 MP: 20/20
 19688 | Lair:6   | Received a gift from Trog
 19692 | Lair:6   | Found a burning altar of Makhleb.
 19808 | Lair:6   | Found a gateway to Hell.
 20972 | D:12     | Found a staircase to the Orcish Mines.
 21197 | Orc:1    | Entered Level 1 of the Orcish Mines
 21199 | Orc:1    | Received a gift from Trog
 21395 | Orc:1    | Found Wugod's Magic Scroll Shop.
 21407 | Orc:1    | Found Irulah's Distillery.
 21410 | Orc:1    | Found Pun Palu's Book Emporium.
 21431 | Orc:1    | Found Edur's Gadget Boutique.
 21453 | Orc:1    | Bought a potion of magic for 136 gold pieces
 21489 | Orc:1    | Found Aruakouc's Antique Armour Shop.
 21510 | Orc:1    | Bought a pair of glowing gloves for 255 gold pieces
 21527 | Orc:1    | Found a bloodstained altar of Trog.
 21678 | Orc:2    | Entered Level 2 of the Orcish Mines
 21697 | Orc:2    | Reached skill level 17 in Axes
 21715 | Orc:2    | Noticed an orc warlord
 21717 | Orc:2    | Gained mutation: Armour fits poorly on your strangely shaped body. [a neqoxec]
 21731 | Orc:2    | Killed an orc warlord
 21740 | Orc:2    | Found a roughly hewn altar of Beogh.
 21752 | Orc:2    | Killed from afar by an orc priest

Vault maps used:
D:1:      minmay_arrival_stone_box
D:2:      okawaru_altar_gauntlet_db
D:3:      xom_teletrap_fun, gammafunk_temple_overflow_statue, first_bread
D:4:      lemuel_doored_altar, gup_sewer_entry_bubbles, uniq_ijyb, uniq_robin
D:5:      kennysheep_windowed_halls, lemuel_zombie_altar_kikubaaqudgha,
          minivault_19, uniq_blork_the_orc
D:6:      lemuel_crystal_altar, vehumet_altar_wand_db, kennysheep_mini,
          uniq_edmund, uniq_sigmund
D:7:      temple_pool_b, the_bakery, minmay_misc_feat_roman,
          minmay_tree_intersection, nicolae_underground_beach,
          uniq_prince_ribbit1
D:8:      minmay_unpleasant_kobolds
D:9:      lemuel_coloured_pillars_altar, lair_entry_dummy, uniq_erolcha,
          uniq_erica
D:10:     special_room, corexii_leaking_fountain, minmay_radiant, uniq_psyche
Lair:1:   grunt_megastairs_4, lemuel_fruit_tree
Lair:2:   st_stairs_3
Lair:3:   beast_lair_carwin_large_4, swamp_mist, infiniplex_staircase_pool_2
Lair:4:   minmay_snake_entry_spellcaster, lemuel_fruit_fields
Lair:5:   portal_ice_cave_entry_ice_beasts, basic_altar, fungi_pond_lemuel
Lair:6:   evil_forest, minmay_slime_entry_jelly_boxes,
          infiniplex_staircase_pool, grunt_megastairs_5
Orc:1:    basic_altar, serial_shops, shop, nicolae_shop_trees, shop, shop, shop
Orc:2:    grunt_orc_cross, basic_altar, serial_shops, shop_statue, special_room
Sewer:    kennysheep_pipe_town
IceCv:    ice_cave_small_necro

Skill      XL: |  1  2  3  4  5  6  7  8  9 10 11 12 13 14 |
---------------+-------------------------------------------+-----
Maces & Flails | 3 4 |  4.2
Axes           | 1 3 4 6 8 10 12 13 15 16 17 | 17.1
Fighting       | 4 5 7 9 10 11 | 11.3
Evocations     | 2 4 6 8 9 |  9.9
Armour         | 2 4 5 7 |  7.3
Dodging        | 3 4 5 |  5.8

Action                   |  1- 3 |  4- 6 |  7- 9 | 10-12 | 13-15 || total
-------------------------+-------+-------+-------+-------+-------++-------
Melee: Mace              |   106 |    31 |       |       |       ||   137
       Kick              |    25 |    44 |   118 |   246 |   250 ||   683
       Battleaxe         |       |   195 |   415 |   660 |   457 ||  1727
       Executioner's axe |       |       |       |       |   258 ||   258
Invok: Berserk           |       |     2 |     4 |     5 |     4 ||    15
       Trog's Hand       |       |       |     2 |     4 |     5 ||    11
       Burn Spellbooks   |       |       |       |     2 |     2 ||     4
       Brothers in Arms  |       |       |       |       |     3 ||     3
Evoke: Wand              |       |       |       |     2 |    18 ||    20
  Use: Scroll            |       |    11 |     8 |    12 |     7 ||    38
  Eat: Chunk             |       |     5 |    15 |    51 |    35 ||   106
       Meat ration       |       |     1 |       |       |       ||     1
       Royal jelly       |       |       |     1 |     1 |     1 ||     3
Armor: Chain mail        |    83 |   221 |   355 |   508 |   569 ||  1736
       Animal skin       |     1 |       |       |       |       ||     1
Dodge: Dodged            |    46 |   133 |   242 |   426 |   493 ||  1340
